 Dungeon Crawl Stone Soup version 0.28.0-53-g5a82cb258f (webtiles) character file.

Game seed: 5558196018784592907

189 Sin92 the Skirmisher (level 5, -6/41 HPs)
             Began as a Demonspawn Fighter on June 23, 2022.
             Was an Initiate of Okawaru.
             Mangled by a komodo dragon (25 damage)
             ... on level 5 of the Dungeon.
             The game lasted 00:04:04 (3610 turns).

Sin92 the Skirmisher (Demonspawn Fighter)           Turns: 3610, Time: 00:04:04

Health: -6/41      AC: 16    Str: 19    XL:     5   Next: 40%
Magic:  5/5        EV:  7    Int:  9    God:    Okawaru [......]
Gold:   163        SH:  4    Dex: 12    Spells: 4/4 levels left

rFire   . . .      SeeInvis .   a - +1 flail (protect)
rCold   . . .      Faith    .   c - +0 buckler
rNeg    . . .      Spirit   .   h - +0 chain mail
rPois   .          Reflect  .   (no helmet)
rElec   .          Harm     .   (cloak unavailable)
rCorr   .          Rampage  .   (no gloves)
Will    .....                   (no boots)
Stlth   ..........              (no amulet)
HPRegen 0.13/turn               (no ring)
MPRegen 0.09/turn               (no ring)

@: mighty, under a protective aura
A: weakness stinger 3
a: Renounce Religion


You were on level 5 of the Dungeon.
You worshipped Okawaru.
Okawaru was noncommittal.
You visited 1 branch of the dungeon, and saw 5 of its levels.

You collected 163 gold pieces.

Inventory:

Hand Weapons
 a - a +1 flail of protection (weapon)
Armour
 b - a +0 scale mail
 c - a +0 buckler (worn)
 h - a +0 chain mail (worn)
Wands
 j - a wand of mindburst (10)
Scrolls
 k - 2 scrolls of identify
 m - a scroll of amnesia {unknown}
 n - a scroll of teleportation
Potions
 d - a potion of might
 e - a potion of flight {unknown}
 f - 3 potions of invisibility {unknown}
 g - a potion of curing
 i - a potion of ambrosia {unknown}
 l - 2 potions of cancellation {unknown}


   Skills:
 + Level 3.5 Fighting
 * Level 3.3 Maces & Flails
 + Level 3.3 Armour
 + Level 1.6 Dodging
 + Level 3.4 Shields


You had 4 spell levels left.
You didn't know any spells.
Your spell library contained the following spells:

 Spells                   Type           Power      Damage    Failure   Level
 Freeze                   Ice            0%         1d3       99%         1
 Corpse Rot               Necr/Air       0%         N/A       100%        2
 Poisonous Vapours        Pois/Air       0%         N/A       100%        2
 Frozen Ramparts          Ice            0%         1d2       100%        3
 Hailstorm                Conj/Ice       0%         3d3       100%        4
 Iskenderun's Battlesphe  Conj           0%         2d6       100%        5
 Iron Shot                Conj/Erth      0%         9d1       100%        6
 Spellforged Servitor     Conj/Summ      Unusable   N/A       N/A         7

Dungeon Overview and Level Annotations

Branches:
Dungeon (5/15)
 Temple: D:4-7

Altars:
Cheibriados
Okawaru
Uskayaw

Shops:
D:5 [

Annotations:
D:3 1 runed translucent door, youngbrodi3's ghost, amateur DrFE


Innate Abilities, Weirdness & Mutations

You have a sharp stinger which inflicts weakening toxins.


Message History

No target in view!
You now have 158 gold pieces (gained 6).
There is a stone staircase leading up here.
Found a robe and 26 stones.
No target in view!
No target in view!
You now have 163 gold pieces (gained 5).
Found 14 bolts.
No target in view!
No target in view!
You see here 26 stones.
You open the door.
A komodo dragon comes into view.
The komodo dragon hisses angrily.
The komodo dragon moves out of view.
There is an open door here.
No target in view!
A komodo dragon is nearby!
You hit the komodo dragon.
Your weapon exudes an aura of protection.
The komodo dragon is lightly wounded.
The komodo dragon bites you but does no damage.
A komodo dragon is nearby!
You barely miss the komodo dragon.
The komodo dragon is lightly wounded.
The komodo dragon bites you!!
Ouch! That really hurt!
A komodo dragon is nearby!
You are too injured to fight recklessly!
A komodo dragon is nearby!
You are too injured to fight recklessly!
You are too injured to fight recklessly!
You feel very mighty all of a sudden. The komodo dragon barely misses you.
You hit the komodo dragon.
The komodo dragon is moderately wounded.
The komodo dragon bites you but does no damage.
The komodo dragon bites you!!
Ouch! That really hurt!
You die... ##. ......# .. #PP

.....# ..###P≈ .....#
...P.≈♣ ....#.......#.PP♣P
....#.......#PP♣≈P
##########...#........PP≈≈≈
#........#l..#........P≈≈PP
#........#@..#.......PP♣≈P.
#........#...#.......PP≈PP.
#........'...#.......PP≈≈P.
#........#...#......≈≈≈P≈#.
#........#...#.......P.≈...
.........#####.......#####.
########.............# #.
#.............# #.
#.............# #.


You could see a komodo dragon.

Vanquished Creatures
  A hound (D:4)
  An iguana (D:4)
  3 adders
  3 worms
  4 dart slugs
  4 orcs (D:3)
  10 bats
  4 endoplasms
  3 giant cockroaches
  6 goblins
  8 hobgoblins
  9 jackals
  A quokka (D:1)
  10 ball pythons
  3 frilled lizards
  6 kobolds
  3 rats (D:1)
79 creatures vanquished.

Vanquished Creatures (others)
  2 withered plants (D:3)
2 creatures vanquished.

Grand Total: 81 creatures vanquished

Notes
Turn   | Place    | Note
-------+----------+-------------------------------------------
     0 | D:1      | Sin92 the Demonspawn Fighter began the quest for the Orb.
     0 | D:1      | Reached XP level 1. HP: 18/18 MP: 1/1
   121 | D:1      | Gained mutation: You have a small tail. [demonic ancestry]
   121 | D:1      | Reached XP level 2. HP: 18/24 MP: 2/2
   438 | D:1      | Found a faded altar of an unknown god.
   997 | D:1      | Gained mutation: You have a tail ending in a sharp stinger.
                  | [demonic ancestry]
   997 | D:1      | Reached XP level 3. HP: 29/29 MP: 3/3
  1427 | D:2      | Reached skill level 1 in Dodging
  1885 | D:2      | Reached XP level 4. HP: 27/35 MP: 4/4
  2660 | D:3      | Found a snail-covered altar of Cheibriados.
  2675 | D:3      | Found a runed translucent door.
  2675 | D:3      | Noticed youngbrodi3's ghost (amateur DrFE)
  3071 | D:4      | Found an iron altar of Okawaru.
  3138 | D:4      | Became a worshipper of Warmaster Okawaru
  3195 | D:4      | Gained mutation: You have a sharp stinger which inflicts
                  | weakening toxins. [demonic ancestry]
  3195 | D:4      | Reached XP level 5. HP: 40/41 MP: 5/5
  3270 | D:4      | Found a hide-covered altar of Uskayaw.
  3337 | D:4      | Noticed a moth of wrath
  3482 | D:4      | You fall into a shaft and drop 1 floor!
  3482 | D:5      | Entered Level 5 of the Dungeon
  3501 | D:5      | Found Gecaaci's Armour Emporium.
  3604 | D:5      | Noticed a komodo dragon
  3610 | D:5      | Mangled by a komodo dragon

Illustrated notes

Levels and vault maps discovered:
D:1:      tarquinn_simple_flora_water_d, layout_loops_corners,
          shapermc_ecumenical_altar_mp_highgroup
D:2:      layout_loops_cross, minivault_19
D:3:      layout_rooms, mainiacjoe_overflow_boulevard, gammafunk_ghost_grave
D:4:      layout_cave_pools, okawaru_trees_2, tgw_trog,
          nicolae_uskayaw_murder_on_the_dancefloor, tgw_kikubaaqudgha,
          kennysheep_little_box, minmay_statues_item, minivault_27
D:5:      cheibrodos_helix_gallery, layout_gridville, serial_bayou,
          serial_bayou_pond_b, serial_bayou_pond_e, serial_bayou_lagoon_a,
          dk_vineyard_1, minmay_shop_grid_forest, kennysheep_potato

Skill      XL: |  1  2  3  4 |
---------------+-------------+-----
Maces & Flails | 2 3 |  3.3
Dodging        | 1 |  1.6
Shields        | 3 |  3.4
Armour         | 3 |  3.3
Fighting       | |  3.5

Action                   |  1- 3 |  4- 6 || total
-------------------------+-------+-------++-------
Melee: Flail             |   131 |   114 ||   245
       Tailslap          |    12 |    12 ||    24
  Use: Scroll            |     3 |     5 ||     8
       Potion            |       |     1 ||     1
Armor: Scale mail        |    85 |    43 ||   128
       Chain mail        |       |    27 ||    27
Dodge: Dodged            |    76 |    41 ||   117
Block: Buckler           |    33 |    20 ||    53
